 Dungeon Crawl Stone Soup version 0.20.1-1-g8b1a95d (webtiles) character file.

139 Internecine the Bolt Thrower (level 5, -5/44 HPs)
             Began as a Draconian Hunter on Sept 30, 2017.
             Killed from afar by Timinator's ghost (12 damage)
             ... with a flame tongue
             ... on level 4 of the Dungeon.
             The game lasted 00:20:10 (2816 turns).

Internecine the Bolt Thrower (Draconian Hunter)     Turns: 2816, Time: 00:20:10

Health: -5/44      AC: 13    Str: 14    XL:     5   Next: 1%
Magic:  5/5        EV: 12    Int: 16    God:
Gold:   122        SH:  0    Dex: 13    Spells: 4/4 levels left

rFire    . . .     SeeInvis .   k - +2 dagger (protect)
rCold    . . .     Gourm    .   (no shield)
rNeg     . . .     Faith    .   (armour unavailable)
rPois    .         Spirit   .   (helmet restricted)
rElec    .         Reflect  .   (no cloak)
rCorr    .         Harm     .   f - +0 pair of gloves
MR       .....                  (no boots)
Stlth    ++........             (no amulet)
Regen    0.2/turn               g - +5 ring of intelligence
MPRegen  0.1/turn               (no ring)

@: protection aura
A: unfitting armour, cold-blooded, AC +5
a: no special abilities


You were on level 4 of the Dungeon.
You were hungry.

You visited 1 branch of the dungeon, and saw 4 of its levels.

You collected 122 gold pieces.

Inventory:

Hand Weapons
 a - a +1 hand crossbow
 k - a +2 dagger of protection (weapon)
 m - a +0 hunting sling
Missiles
 c - 32 bolts
 n - 39 stones (quivered)
 v - 8 javelins
 D - 16 poisoned needles
Armour
 f - a +0 pair of gloves (worn)
Jewellery
 g - a +5 ring of intelligence (left hand)
Wands
 y - a wand of flame (10/48)
Scrolls
 h - a scroll of recharging {unknown}
 w - a scroll of fear {unknown}
 A - 2 scrolls of identify
 B - 2 scrolls of blinking {unknown}
 E - a scroll of teleportation {unknown}
Potions
 i - 2 potions of brilliance
 l - 2 potions of ambrosia
 u - 3 potions of curing {unknown}
 x - a potion of berserk rage {unknown}
 z - 2 potions of magic {unknown}
 C - a potion of haste {unknown}
Comestibles
 d - a bread ration
 q - 2 fruits


   Skills:
 + Level 2.9 Fighting
 + Level 0.4 Short Blades
   Level 0.8 Maces & Flails
 + Level 5.0 Crossbows
 + Level 2.1 Dodging
 + Level 1.6 Stealth


You had 4 spell levels left.
You didn't know any spells.

Dungeon Overview and Level Annotations

Branches:
Dungeon (4/15)
 Temple: D:4-7

Altars:

Annotations:
D:4 Timinator's ghost, amateur DrFE


Innate Abilities, Weirdness & Mutations

Your plain brown scales are hard. (AC +5)
You cannot fit into any form of body armour.
You are cold-blooded and may be slowed by cold attacks.


Message History

You barely miss Timinator's ghost.
Timinator's ghost is lightly damaged.
Timinator's ghost misses you.
You hit Timinator's ghost.
Timinator's ghost is moderately damaged.
Timinator's ghost hits you!
You closely miss Timinator's ghost.
Timinator's ghost is moderately damaged.
Timinator's ghost casts a spell at you. The flame tongue hits you!
* * * LOW HITPOINT WARNING * * *
Aiming: Throw Flame (will waste charges)
Press: ? - help, Shift-Dir - straight line, f/p - Timinator's ghost
Aim: Timinator's ghost (moderately damaged)
The puff of flame hits Timinator's ghost.
Timinator's ghost is moderately damaged.
Evoking this partially-identified wand wasted a few charges.
Timinator's ghost points at you and mumbles some strange words.
The flame tongue hits you!
You die...

##. #. #+ #. #. #.
######.## ## #.......#
#.###...##
#.##..W..#########
#@###...##........
...####W##.......#######
........(..##.####
#######.#####.#
#.#####.# #.......#
#########


You could see Timinator's ghost.

Vanquished Creatures
  9 adders
  2 dart slugs (D:2)
  8 bats
  4 giant cockroaches
  9 goblins
  5 hobgoblins
  8 kobolds
  3 frilled lizards
  7 rats
55 creatures vanquished.

Notes
Turn   | Place    | Note
-------+----------+-------------------------------------------
     0 | D:1      | Internecine the Draconian Hunter began the quest for the Orb.
     0 | D:1      | Reached XP level 1. HP: 17/17 MP: 1/1
   229 | D:1      | Reached skill level 4 in Crossbows
   229 | D:1      | Reached XP level 2. HP: 9/24 MP: 2/2
   898 | D:1      | Reached XP level 3. HP: 30/30 MP: 3/3
  1132 | D:2      | Reached skill level 1 in Stealth
  1347 | D:2      | Reached XP level 4. HP: 34/37 MP: 4/4
  2121 | D:3      | Reached skill level 5 in Crossbows
  2721 | D:4      | Reached XP level 5. HP: 44/44 MP: 5/5
  2803 | D:4      | Noticed Timinator's ghost (amateur DrFE)
  2816 | D:4      | Killed from afar by Timinator's ghost

Skill      XL: |  1  2  3  4 |
---------------+-------------+-----
Crossbows      | 4 5 |  5.0
Dodging        | 2 |  2.1
Stealth        | 1 |  1.6
Fighting       | |  2.9
Short Blades   | |  0.4
Maces & Flails | |  0.8

Action                   |  1- 3 |  4- 6 || total
-------------------------+-------+-------++-------
Melee: Short sword       |    11 |       ||    11
       Tailslap          |     1 |       ||     1
       Mace              |    17 |       ||    17
       Dagger            |     8 |    10 ||    18
 Fire: Hand crossbow     |    62 |    51 ||   113
Evoke: Wand              |       |     1 ||     1
  Use: Scroll            |     4 |     2 ||     6
  Eat: Chunk             |     1 |     4 ||     5
Armor: Skin              |    22 |     6 ||    28
Dodge: Dodged            |    52 |    14 ||    66
